Map: Frost LE

Players

Fropez - Winner!

  • Race: Protoss Protoss
  • League: Silver
  • Spawn Location: 5:00

YungDxve

  • Race: Terran Terran
  • League: Bronze
  • Spawn Location: 1:00

VOD

Have the link to the VOD?

Description

Time

  • Played on: May 24, 2016, 1:04 p.m.
  • Length: 23:55
Show
View Real Time Build Order
Export as new Build Order

Fropez Protoss - Winner!

Build Orders:  

Get SALT Encoding   

  12  0:02  Probe (Chrono Boost)  
  13  0:18  Probe (Chrono Boost)  
  13  0:19  Pylon  
  14  0:25  Assimilator  
  14  0:29  Probe (Chrono Boost)  
  15  0:39  Probe (Chrono Boost)  
  16  0:45  Gateway  
  16  0:51  Probe (Chrono Boost)  
  17  1:00  Pylon  
  17  1:02  Probe (Chrono Boost)  
  18  1:13  Probe (Chrono Boost)  
  19  1:23  Probe (Chrono Boost)  
  20  1:27  Assimilator  
  20  1:34  Probe (Chrono Boost), Cybernetics Core  
  21  1:44  Probe (Chrono Boost)  
  22  1:48  Gateway  
  22  1:55  Probe (Chrono Boost)  
  23  2:05  Probe (Chrono Boost)  
  24  2:10  Stalker  
  24  2:12  Warp Gate (Chrono Boost)  
  26  2:16  Mothership Core (Chrono Boost)  
  28  2:23  Pylon  
  28  2:35  Probe (Chrono Boost), Stalker  
  31  2:45  Probe (Chrono Boost)  
  32  2:56  Probe  
  33  3:02  Gateway  
  32  3:08  Probe  
  32  3:12  Stalker x2  
  37  3:20  Probe  
  38  3:30  Pylon  
  38  3:37  Probe  
  38  3:38  Pylon  
  39  3:49  Probe  
  40  4:01  Robotics Facility  
  40  4:19  Stalker x2  
  40  4:20  Stalker  
  40  4:21  Probe  
  47  4:28  Forge  
  47  4:34  Probe  
  48  4:45  Pylon  
  48  4:46  Probe  
  48  4:50  Observer  
  50  4:58  Probe  
  51  5:02  Protoss Ground Weapons Level 1 (Chrono Boost)  
  51  5:09  Stalker x3  
  51  5:10  Warp Prism, Probe  
  60  5:22  Probe  
  60  5:28  Gateway  
  61  5:31  Pylon  
  61  5:33  Pylon  
  61  5:37  Probe  
  62  5:44  Pylon  
  62  5:50  Stalker  
  62  5:51  Stalker  
  67  5:57  Probe  
  67  6:31  Stalker x3  
  73  6:50  Probe  
  73  6:52  Immortal  
  78  7:10  Twilight Council, Protoss Ground Armor Level 1 (Chrono Boost)  
  78  7:13  Pylon  
  78  7:26  Nexus  
  78  7:29  Assimilator  
  78  7:31  Immortal  
  78  7:32  Assimilator  
  78  7:34  Probe  
  83  7:50  Blink (Chrono Boost)  
  83  7:59  Photon Cannon  
  83  8:04  Probe  
  84  8:42  Immortal  
  88  8:51  Protoss Ground Weapons Level 2 (Chrono Boost)  
  88  9:11  Stalker x4  
  96  9:21  Immortal  
  100  9:28  Pylon, Probe x2  
  102  9:46  Probe  
  102  9:47  Probe  
  104  10:20  Probe  
  105  10:25  Immortal  
  109  10:36  Nexus  
  109  10:38  Assimilator  
  109  10:41  Assimilator  
  109  10:44  Pylon  
  109  10:45  Pylon, Stalker x2  
  109  10:46  Pylon, Stalker x2  
  117  10:58  Pylon  
  117  11:00  Robotics Facility  
  117  11:04  Dark Shrine, Immortal  
  117  11:05  Gateway  
  121  11:16  Probe  
  121  11:17  Probe  
  123  11:35  Probe  
  123  11:36  Probe  
  125  11:47  Probe  
  126  12:08  Immortal  
  130  12:09  Protoss Ground Weapons Level 3 (Chrono Boost)  
  130  12:15  Probe  
  130  12:16  Probe x2  
  133  12:32  Nexus  
  133  12:35  Assimilator  
  133  12:39  Assimilator  
  133  12:41  Pylon  
  133  12:43  Pylon  
  133  12:47  Pylon  
  133  12:49  Pylon  
  133  12:51  Robotics Bay  
  133  12:52  Pylon  
  133  12:58  Probe  
  134  12:59  Probe  
  134  13:00  Pylon  
  135  13:10  Pylon  
  135  13:15  Dark Templar x3  
  135  13:16  Dark Templar x2  
  145  13:23  Gateway  
  145  13:24  Gateway  
  145  13:29  Probe  
  145  13:30  Probe  
  147  13:48  Photon Cannon  
  147  13:49  Probe  
  147  13:50  Probe x2  
  147  13:51  Probe  
  147  13:55  Photon Cannon  
  151  13:59  Photon Cannon  
  151  14:05  Photon Cannon  
  151  14:08  Stalker x3  
  151  14:09  Stalker  
  159  14:12  Photon Cannon  
  124  15:00  Dark Templar  
  124  15:01  Dark Templar x4  
  122  15:10  Dark Templar  
  122  15:11  Dark Templar x4  
  122  15:18  Gateway  
  122  15:21  Gateway  
  122  15:23  Gateway  
  122  15:24  Probe  
  122  15:26  Gateway  
  123  15:30  Gateway  
  123  15:33  Gateway  
  123  15:36  Gateway  
  123  15:47  Stalker  
  123  15:48  Stalker x4  
  74  16:34  Stalker x2  
  74  16:35  Stalker x2  
  74  16:36  Stalker  
  74  16:37  Stalker x4  
  74  16:38  Stalker x2  
  74  16:39  Stalker  
  98  16:41  Stalker  
  98  16:42  Stalker  
  93  17:14  Photon Cannon  
  93  17:16  Stalker x6  
  93  17:17  Stalker x5  
  93  17:18  Stalker  
  93  17:19  Probe x2  
  93  17:20  Probe x2  
  121  17:26  Dark Templar  
  121  17:29  Protoss Ground Armor Level 2 (Chrono Boost)  
  123  17:41  Observer Gravitic Boosters (Chrono Boost)  
  123  17:43  Observer  
  124  17:50  Assimilator  
  124  17:53  Probe  
  125  18:04  Observer  
  126  18:08  Dark Templar  
  126  18:09  Dark Templar x2  
  126  18:10  Dark Templar x6  
  126  18:11  Dark Templar  
  146  18:21  Charge  
  146  18:25  Observer  
  147  18:47  Nexus  
  147  18:50  Assimilator  
  147  18:52  Assimilator  
  147  18:55  Pylon  
  141  19:27  Dark Templar x5  
  141  19:28  Dark Templar x5  
  141  19:29  Dark Templar x2  
  141  19:30  Dark Templar  
  163  19:37  Archon  
  163  19:39  Archon x3  
  163  19:40  Archon x2  
  163  19:41  Archon  
  161  19:51  Probe x2  
  161  19:52  Probe x2  
  165  20:16  Pylon  
  165  20:18  Pylon  
  165  20:19  Pylon  
  165  20:20  Pylon  
  165  20:24  Pylon  
  163  20:30  Pylon  
  163  20:32  Pylon  
  163  20:36  Pylon  
  161  20:43  Pylon  
  161  20:57  Zealot  
  161  20:58  Zealot x2  
  161  21:00  Zealot  
  169  21:04  Zealot  
  167  21:11  Zealot x3  
  167  21:12  Zealot x5  
  167  21:13  Zealot x2  
  157  21:40  Dark Templar x7  
  157  21:41  Dark Templar x6  
  157  21:42  Dark Templar  
  185  21:47  Archon x5  
  185  21:48  Archon x2  
  183  22:27  Zealot x4  
  183  22:28  Zealot x4  
  199  22:54  Nexus  
  199  22:58  Assimilator  
  199  23:02  Assimilator  
  199  23:10  Nexus  
  199  23:13  Assimilator  
  199  23:15  Assimilator  
  199  23:19  Pylon  
  199  23:22  Pylon  
  199  23:26  Pylon  
  199  23:32  Pylon  
  199  23:34  Pylon  
  199  23:38  Pylon  
  199  23:41  Pylon  
Show
View Real Time Build Order
Export as new Build Order

YungDxve Terran 

Build Orders:  

Get SALT Encoding   

  12  0:01  SCV  
  13  0:13  SCV  
  14  0:18  Supply Depot  
  14  0:26  SCV  
  15  0:42  Barracks  
  15  0:45  SCV  
  16  0:53  Supply Depot  
  16  0:54  Refinery  
  16  0:57  SCV  
  17  1:09  SCV  
  18  1:22  SCV  
  19  1:29  Marine  
  19  1:30  Engineering Bay  
  20  1:35  SCV  
  21  1:47  Marine  
  23  2:00  Refinery  
  22  2:02  Factory  
  22  2:06  Marine  
  22  2:07  Missile Turret  
  23  2:13  Orbital Command  
  23  2:19  Supply Depot  
  23  2:31  Barracks Tech Lab  
  23  2:35  Missile Turret  
  23  2:39  SCV  
  24  2:47  Factory Tech Lab  
  24  2:51  SCV  
  25  2:53  Supply Depot  
  27  2:58  Marauder  
  27  3:06  Missile Turret  
  27  3:09  SCV  
  30  3:20  Marauder  
  30  3:24  Siege Tank  
  33  3:29  Combat Shields  
  33  3:37  Missile Turret  
  35  3:41  Marauder  
  35  3:45  Terran Infantry Weapons Level 1  
  37  4:02  Marauder  
  37  4:04  Siege Tank  
  40  4:15  Barracks  
  42  4:24  Marauder  
  42  4:25  Starport  
  42  4:27  SCV  
  43  4:45  Marauder  
  45  5:05  Supply Depot  
  45  5:07  Marauder  
  47  5:11  Supply Depot  
  47  5:15  Missile Turret  
  47  5:23  Factory  
  47  5:24  Barracks Reactor  
  47  5:27  Siege Tank  
  50  5:29  Starport Tech Lab  
  50  5:41  Marauder  
  50  5:42  Supply Depot  
  52  5:46  SCV  
  53  5:51  Medivac  
  55  6:11  Marine x3  
  55  6:16  Supply Depot  
  55  6:18  Factory Tech Lab  
  58  6:29  Marine x3  
  58  6:31  Missile Turret  
  61  6:43  Missile Turret  
  61  6:44  Siege Tank  
  61  6:45  Siege Tank  
  61  6:47  Marine x3  
  70  6:59  Missile Turret  
  70  7:03  Missile Turret  
  70  7:04  Marine  
  70  7:08  Missile Turret  
  71  7:12  Medivac  
  73  7:25  Marine x3  
  76  7:35  Missile Turret  
  76  7:42  Marine x2  
  78  7:50  Missile Turret  
  78  8:19  Command Center  
  78  8:33  Missile Turret  
  78  8:39  Supply Depot  
  78  8:44  Marine  
  79  8:54  Missile Turret  
  79  9:05  Supply Depot  
  79  9:07  Siege Tank  
  82  9:13  Marine  
  83  9:18  Marine  
  84  9:50  SCV  
  84  9:51  Marine x3  
  88  10:02  SCV  
  88  10:03  Barracks  
  89  10:09  Marine x3  
  92  10:14  SCV  
  92  10:17  Orbital Command  
  93  10:26  Marine  
  93  10:27  Marine x2  
  96  10:44  Marine x2  
  96  10:48  SCV  
  99  10:55  Barracks Reactor  
  99  10:56  Marine  
  100  11:00  SCV  
  100  11:02  Marine x2  
  103  11:07  Siege Tank  
  106  11:12  Refinery  
  106  11:13  Marine  
  107  11:20  Marine x2  
  107  11:21  Planetary Fortress  
  109  11:32  Marine  
  110  11:45  Supply Depot  
  110  11:50  Supply Depot  
  110  12:07  Marine x5  
  115  12:09  Medivac  
  115  12:12  Missile Turret  
  117  12:18  Siege Tank  
  120  12:24  Marine x3  
  120  12:25  Marine x2  
  125  12:37  Command Center  
  125  12:42  Marine  
  126  12:44  Stimpack  
  126  13:05  Supply Depot  
  126  13:13  Missile Turret  
  126  13:26  Marine x5, Medivac  
  133  13:42  Armory  
  133  13:44  Marine  
  133  13:48  Engineering Bay  
  134  13:49  Marine x4  
  138  13:56  Refinery  
  138  13:58  Missile Turret  
  138  14:00  Missile Turret  
  138  14:02  Marine  
  139  14:07  Marine x4  
  143  14:15  Missile Turret  
  143  14:23  Missile Turret  
  143  14:25  Marine x2  
  143  14:26  Marine  
  140  15:20  Supply Depot  
  140  15:41  Marine x2  
  142  15:43  Supply Depot  
  142  15:44  Supply Depot  
  142  16:01  Concussive Shells  
  142  16:05  Marine x5, SCV  
  107  16:22  Marine x3  
  92  16:31  Marine x2  
  89  16:40  Marine x3  
  91  16:47  Thor  
  91  16:49  Marine x2  
  91  16:51  SCV  
  97  16:58  Marine x3  
  87  17:03  SCV  
  87  17:07  Marine  
  87  17:08  Marine  
  74  17:16  Marine x3  
  77  17:25  Marine x2  
  75  17:41  Marine x3  
  74  17:47  Marine x2  
  76  17:59  Marine x3  
  76  18:05  Marine x2  
  81  18:16  Command Center  
  81  18:27  Bunker  
  81  18:50  Missile Turret  
  81  18:53  Missile Turret  
  80  19:03  Missile Turret  
  77  19:27  Missile Turret  
  77  19:29  Missile Turret  
  77  19:30  SCV  
  78  19:35  Marine  
  78  19:36  Marine x4  
  83  19:42  SCV  
  84  19:53  Marine x2  
  84  19:54  Marine, SCV  
  84  19:59  Missile Turret  
  88  20:00  Marine  
  88  20:01  Marine  
  88  20:06  SCV  
  91  20:11  Marine x3  
  94  20:18  Marine x2, SCV, Missile Turret  
  97  20:36  Missile Turret  
  97  20:41  Marine  
  97  20:42  Marine x4  
  102  20:57  Missile Turret  
  102  20:59  Marine x3  
  102  21:00  Marine x2  
  98  21:14  SCV  
  98  21:17  Marine x2  
  100  21:21  Marine x2  
  89  21:26  SCV  
  89  21:32  Marine  
  90  21:38  SCV  
  91  21:43  Siege Tank  
  94  21:50  SCV  
  94  21:51  Marine x2  
  97  22:10  Siege Tank  
  97  22:14  SCV  
  101  22:27  SCV  
  102  22:34  Missile Turret  
  102  22:45  Marine  
  102  22:46  Marine x4  
  107  23:08  Siege Tank  
  110  23:23  Refinery  
Tags
 
Matchup
PvT
Replay Pack
All Mines
Spawn Locations
Close Positions
Add a new tag
Caveats
  • Supply blocks, unpowered buildings, or Contaminate may cause inaccurate times.
  • Supply counts are checked every 10 seconds.